 Dungeon Crawl Stone Soup version 0.30-b1-2-g02819fbbbe (webtiles) character file.

Game seed: 3131618512936045759

56 erloom the Ruffian (level 3, -5/28 HPs)
             Began as a Draconian Transmuter on May 18, 2023.
             Slain by an orc priest
             ... wielding a +0 flail
              (6 damage)
             ... on level 3 of the Dungeon.
             The game lasted 00:01:57 (1825 turns).

erloom the Ruffian (Draconian Transmuter)           Turns: 1825, Time: 00:01:57

Health: -5/28      AC:  5    Str: 12    XL:     3   Next: 71%
Magic:  6/6        EV: 12    Int: 15    God:
Gold:   64         SH:  0    Dex: 11    Spells: 5/6 levels left

rFire   . .          .
                       - Unarmed
rCold   . . .        (no shield)
rNeg    . . .        (body armour unavailable)
rPois   .            (helmet currently unavailable)
rElec   .            (no cloak)
rCorr   .            (no gloves)
SInv    .            (boots currently unavailable)
Will    .....        (no amulet)
Stlth   +            (no ring)
HPRegen 0.24/turn    (no ring)
MPRegen 0.10/turn

%: no passive effects
@: appendages (expiring)
A: horns 2, talons 2, AC +5, unfitting armour, cold-blooded
a: End Transformation


You were on level 3 of the Dungeon.
You had temporarily grown beastly horns and talons.
You visited 1 branch of the dungeon, and saw 3 of its levels.

You collected 64 gold pieces.

Inventory:

Scrolls
 b - a scroll of vulnerability {unknown}
 d - 3 scrolls of magic mapping {unknown}
 e - 3 scrolls of fog {unknown}
 f - a scroll of immolation {unknown}
 g - a scroll of poison {unknown}
 h - a scroll of fear {unknown}
Potions
 a - 2 potions of lignification
 c - 2 potions of cancellation {unknown}


   Skills:
 - Level 1.1 Fighting
 - Level 1.7 Dodging
 + Level 4.7 Unarmed Combat
 - Level 2.0 Spellcasting
 - Level 2.0 Transmutations


You had 5 spell levels left.
You knew the following spells:

 Your Spells              Type           Power      Damage    Failure   Level
a - Beastly Appendage     Tmut           14%        N/A       10%         1

Your spell library contained the following spells:

 Spells                   Type           Power      Damage    Failure   Level
 Wereblood                Tmut           7%         N/A       14%         2
 Spider Form              Tmut/Pois      4%         N/A       41%         3
 Ice Form                 Ice/Tmut       4%         N/A       82%         4


Dungeon Overview and Level Annotations

Branches:
Dungeon (3/15)

Altars:


Innate Abilities, Weirdness & Mutations

You have temporarily grown beastly horns and talons.
Your plain brown scales are hard. (AC +5)
You cannot fit into any form of body armour.
You are cold-blooded and may be slowed by cold attacks.


Message History

You hit the orc. Your kick misses the orc.
The orc is almost dead.
You hit the orc.
You kill the orc!
An orc and an orc priest come into view.
The orc shouts!
The orc closely misses you.
Things that are here:
a +0 whip; an orc corpse You hit the orc.
You claw the orc.
The orc is severely wounded.
The orc hits you from afar with a +0 trident.
The orc barely misses you.
You hit the orc.
You kill the orc!
The orc closely misses you.
Your transformation is almost over.
You see here a +0 short sword.
The orc priest completely misses you. The orc hits you with a +0 trident.
You hit the orc priest. You claw the orc priest. You headbutt the orc priest.
The orc priest is heavily wounded.
The orc priest hits you with a +0 flail.
The orc closely misses you.
You closely miss the orc priest.
The orc priest is heavily wounded.
The orc priest looks satisfied for a moment.
The orc completely misses you.
You closely miss the orc priest. Your kick misses the orc priest.
The orc priest is heavily wounded.
The orc priest mumbles some strange prayers to Beogh against you.
Pain shoots through your body! The orc misses you.
You closely miss the orc priest.
The orc priest is heavily wounded.
The orc hits you but does no damage.
The orc priest mumbles some strange prayers to Beogh against you.
Pain shoots through your body!
* * * LOW HITPOINT WARNING * * *
The orc priest attacks as you move away!
The orc priest hits you with a +0 flail.
You die...

#
##########...#
#o))..<......#
#@#########..#
........o.#
##.####.#.#
#.#.# #.# #
#.# #.# ...


You could see an orc priest and an orc.

Vanquished Creatures
  An adder (D:2)
  A dart slug (D:1)
  2 orcs (D:3)
  6 bats
  2 endoplasms
  A giant cockroach (D:2)
  7 goblins
  2 hobgoblins (D:2)
  8 jackals
  3 ball pythons
  A frilled lizard (D:1)
  3 kobolds
  4 rats
41 creatures vanquished.

Notes
Turn   | Place    | Note
-------+----------+-------------------------------------------
     0 | D:1      | erloom the Draconian Transmuter began the quest for the
                  | Orb.
     0 | D:1      | Reached XP level 1. HP: 16/16 MP: 3/3
   296 | D:1      | Reached XP level 2. HP: 23/23 MP: 5/5
  1008 | D:1      | Reached skill level 4 in Unarmed Combat
  1228 | D:2      | Reached XP level 3. HP: 16/28 MP: 4/6
  1351 | D:2      | Found a faded altar of an unknown god.
  1824 | D:3      | HP: 1/28 [orc priest/nerve-wracking pain (12)]
  1825 | D:3      | Slain by an orc priest

Illustrated notes

Levels and vault maps discovered:
D:1:      minmay_arrival_hallway, layout_basic
D:2:      layout_basic, chequers_ecumenical_altar_twisty
D:3:      minmay_diamond_boxcup, layout_loops_ring, nicolae_uskayaw_en_pointe,
          nemelex_spade_bored_becter, minivault_25

Skill      XL: |  1  2 |
---------------+-------+-----
Unarmed Combat | 4 |  4.7
Fighting       | |  1.1
Dodging        | |  1.7
Spellcasting   | |  2.0
Transmutations | |  2.0

Action                     || total
---------------------------++-------
  Melee: Unarmed           ||   130
         Tailslap          ||    15
         Kick              ||     2
         Punch             ||     2
         Headbutt          ||     1
   Cast: Beastly Appendage ||     2
 Armour: Skin              ||    44
  Dodge: Dodged            ||    85
